Map: Ley Lines

Players

ElPezon - Winner!

  • Race: Zerg Zerg
  • League: Bronze
  • Spawn Location: 1:00

iPlayDefense

  • Race: Terran Terran
  • League: Bronze
  • Spawn Location: 7:00

VOD

Have the link to the VOD?

Description

Time

  • Played on: April 12, 2025, 3:05 p.m.
  • Length: 10:27
Show
View Real Time Build Order
Export as new Build Order

ElPezon Zerg - Winner!

Build Orders: Hatch First 

Get SALT Encoding   

  12  0:01  Drone  
  13  0:12  Overlord  
  13  0:17  Drone  
  14  0:30  Drone x2  
  14  0:34  Drone  
  17  0:50  Hatchery  
  17  0:53  Drone  
  17  0:57  Drone  
  18  1:08  Extractor  
  17  1:11  Spawning Pool  
  16  1:19  Drone x2  
  18  1:27  Drone  
  19  1:38  Overlord  
  19  1:49  Drone  
  20  1:58  Queen  
  20  2:00  Drone  
  23  2:02  Queen  
  23  2:03  Zergling x2  
  26  2:11  Drone  
  26  2:13  Metabolic Boost  
  26  2:15  Drone  
  28  2:21  Drone  
  29  2:23  Drone  
  30  2:31  Overlord  
  30  2:35  Drone  
  31  2:42  Queen  
  33  2:44  Queen  
  33  2:48  Overlord  
  35  2:51  Drone  
  35  2:54  Drone  
  35  2:56  Drone  
  38  3:07  Drone x2  
  40  3:33  Hatchery  
  39  3:34  Drone  
  39  3:35  Drone x3  
  39  3:37  Lair  
  39  3:38  Overlord  
  43  3:41  Drone  
  44  3:52  Drone x4  
  44  3:54  Extractor x2  
  45  4:11  Pneumatized Carapace  
  45  4:13  Spore Crawler  
  45  4:15  Spore Crawler, Drone  
  44  4:22  Drone x3  
  47  4:24  Drone x2  
  49  4:49  Queen x2  
  53  5:00  Overlord  
  53  5:01  Drone, Overlord  
  53  5:02  Drone x6  
  60  5:11  Drone  
  60  5:12  Drone, Overlord  
  60  5:13  Overlord x2  
  62  5:14  Drone x2  
  62  5:20  Drone  
  62  5:21  Drone x2  
  67  5:23  Extractor  
  67  5:25  Extractor  
  67  5:26  Spore Crawler  
  64  5:34  Drone x2  
  64  5:35  Drone  
  67  5:36  Drone x3  
  67  5:38  Drone  
  67  5:39  Overlord  
  71  5:44  Queen  
  71  5:45  Drone  
  71  5:47  Hatchery  
  73  5:52  Drone  
  73  5:53  Drone x3  
  73  5:54  Zergling x2  
  73  5:55  Zergling x6  
  81  6:05  Overseer  
  81  6:13  Hatchery  
  80  6:24  Evolution Chamber  
  79  6:26  Drone x4, Evolution Chamber  
  79  6:27  Zergling x2  
  79  6:28  Zergling x16  
  79  6:29  Baneling Nest  
  90  6:33  Queen  
  92  6:43  Infestation Pit  
  92  6:44  Drone  
  92  6:45  Drone x2, Extractor  
  93  6:50  Drone x3  
  93  6:51  Drone x5  
  101  7:10  Extractor  
  101  7:12  Extractor  
  101  7:14  Drone  
  101  7:15  Drone x3  
  103  7:16  Drone  
  103  7:18  Overlord x3  
  103  7:19  Overlord x5  
  103  7:20  Overseer  
  104  7:24  Overlord  
  104  7:26  Overseer  
  104  7:33  Zerg Melee Weapons Level 1, Zerg Ground Armor Level 1  
  104  7:36  Centrifugal Hooks  
  104  7:37  Hive  
  104  7:41  Spore Crawler  
  104  7:43  Drone  
  104  7:44  Overlord  
  104  8:04  Burrow  
  104  8:16  Zergling x2  
  104  8:17  Zergling x34  
  104  8:18  Zergling x30  
  137  8:22  Baneling x2  
  136  8:39  Hatchery  
  135  9:01  Baneling  
  135  9:02  Baneling x26  
  134  9:03  Baneling x4  
  134  9:04  Zergling x10  
  134  9:05  Zergling x50  
Show
View Real Time Build Order
Export as new Build Order

iPlayDefense Terran 

Build Orders:  

Get SALT Encoding   

  12  0:00  SCV  
  13  0:16  Supply Depot  
  13  0:18  SCV  
  14  0:25  Refinery  
  14  0:30  SCV  
  15  0:42  SCV  
  16  0:46  Barracks  
  16  0:54  SCV  
  17  1:06  Supply Depot  
  17  1:15  SCV  
  18  1:27  SCV  
  19  1:36  Marine  
  21  1:41  Orbital Command  
  20  1:54  Marine  
  21  2:03  Command Center  
  21  2:23  SCV  
  21  2:35  SCV  
  21  2:36  Factory  
  22  2:44  Marine  
  22  2:49  SCV  
  24  3:02  Marine  
  25  3:09  Barracks  
  25  3:10  SCV  
  26  3:19  SCV  
  26  3:31  SCV  
  26  3:32  Supply Depot  
  27  3:39  Factory Tech Lab  
  27  3:42  Marine  
  27  3:43  SCV  
  29  3:55  Supply Depot, SCV  
  29  4:00  Siege Tank, Marine  
  34  4:05  Barracks Tech Lab  
  34  4:07  SCV  
  35  4:17  Supply Depot  
  35  4:18  Marine  
  35  4:19  Engineering Bay  
  36  4:34  Combat Shield  
  36  4:39  Supply Depot  
  36  4:45  Marine  
  37  4:56  Barracks Reactor  
  37  5:02  Supply Depot  
  37  5:03  Marine  
  37  5:06  Siege Tank, Missile Turret  
  41  5:19  Barracks  
  41  5:21  Marine  
  42  5:24  Missile Turret  
  42  5:39  Marine  
  42  5:42  Bunker  
  43  5:43  Missile Turret  
  43  5:51  SCV  
  43  5:52  Stimpack  
  43  5:53  Starport  
  43  5:56  Marine  
  45  5:58  Refinery  
  45  6:02  SCV  
  45  6:03  SCV  
  47  6:10  Barracks Tech Lab  
  47  6:14  SCV  
  47  6:15  SCV  
  49  6:24  Missile Turret  
  49  6:26  SCV  
  49  6:27  SCV  
  51  6:36  Missile Turret  
  51  6:38  SCV, Starport Reactor  
  51  6:39  Command Center  
  52  6:49  Missile Turret  
  52  6:50  SCV  
  52  6:52  Missile Turret  
  53  6:56  Missile Turret  
  53  7:00  Cyclone  
  56  7:04  Marine x4  
  60  7:15  Supply Depot, Missile Turret  
  60  7:16  SCV  
  60  7:19  SCV  
  60  7:22  Marine  
  63  7:28  SCV  
  64  7:31  SCV  
  64  7:32  Cyclone  
  64  7:36  Missile Turret  
  68  7:38  Supply Depot  
  68  7:39  Liberator  
  68  7:42  Missile Turret  
  68  7:43  SCV  
  72  7:55  SCV  
  72  7:57  Bunker  
  73  8:03  Missile Turret  
  73  8:08  SCV  
  74  8:24  Missile Turret  
  74  8:25  Siege Tank  
  74  8:26  Marine x2  
  74  8:27  Marine x2  
  79  8:31  SCV  
  82  8:35  Refinery  
  82  8:37  Refinery  
  82  8:43  SCV  
  82  8:44  Marine x3  
  82  8:45  Marine  
  88  8:55  SCV  
  88  8:57  Siege Tank  
  91  9:03  Marauder x2  
  91  9:07  SCV  
  91  9:08  Missile Turret  
  93  9:19  SCV  
  94  9:24  Marauder  
  96  9:32  SCV  
  96  9:37  Medivac x2  
  76  9:44  SCV  
Tags
 
Matchup
TvZ
Replay Pack
DaveSC2
Spawn Locations
Cross Positions
Add a new tag
Caveats
  • Supply blocks, unpowered buildings, or Contaminate may cause inaccurate times.
  • Supply counts are checked every 10 seconds.